AoeStats
← Nare Vent

MegaRandom

504447165Analyzed
2v2 RM · 28d ago on Sep 5, 2026· 26m 6s· 4 players
Game mode
Random Map
Map size
Medium (4 player)
Population
200
Speed
Normal
Resources
Standard
Victory
Conquest
Starting age
Dark Age
Ending age
Imperial Age
RankedLock teamsTeams togetherTeam positionsShared explorationLock speedFull tech treeHidden civsTurbo modeCheats
Victory
Defeat
🇳🇱 Berbers · Netherlands
1072
+14
🇩🇪 Spanish · Germany
1072
+14
🇨🇿 Armenians · Czechia
1041
-44
🇫🇷 Tatars · France
1012
-13
Nannhu
4:46 Loom
13:07 Feudal Age
14:25 Wheelbarrow
13:37 Double-Bit Axe
13:42 Gold Mining
13:36 Horse Collar
14:19 Man-at-Arms
15:44 Town Watch
17:00 Man-at-Arms
17:26 Arson
19:19 Stone Mining
19:14 Long Swordsman
20:10 Forging
19:50 Fletching
22:44 Castle Age
21:24 Scale Mail Armor
21:35 Pikeman
23:36 Squires
26:12 Chain Mail Armor
alsk06765
10:57 Feudal Age
12:30 Double-Bit Axe
17:15 Castle Age
15:56 Wheelbarrow
16:31 Horse Collar
20:35 Bow Saw
23:30 Forging
23:26 Scale Barding Armor
25:59 Iron Casting
Moitzie
2:04 Loom
10:23 Feudal Age
11:03 Horse Collar
12:15 Town Watch
17:16 Castle Age
15:22 Double-Bit Axe
16:56 Forging
16:51 Scale Barding Armor
17:34 Bloodlines
18:07 Husbandry
20:49 Iron Casting
20:57 Heavy Plow
22:24 Bow Saw
25:53 Light Cavalry
Nare Vent
2:09 Loom
10:57 Feudal Age
16:01 Castle Age
14:16 Double-Bit Axe
14:30 Horse Collar
15:46 Town Watch
16:44 Bloodlines
18:47 Forging
20:17 Husbandry
20:24 Scale Barding Armor
20:44 Fletching
21:14 Pikeman
22:58 Heavy Plow
23:52 Bow Saw
24:29 Ballistics
Connection lost

Rejoining the realm…

Still unreachable

The connection could not be restored.

Session expired

The server has moved on; the page needs a fresh start.